Map: [ESL] Dragon Scales

Players

Clem - Winner!

  • Race: Terran Terran

RagnaroK (SHIN)

  • Race: Zerg Zerg

Event: IEM Katowice 2023

VOD

Have the link to the VOD?

Description

Time

  • Played on: Feb. 9, 2023, 7 a.m.
  • Length: 12:02

All games in this series

Show
View Real Time Build Order
Export as new Build Order

Clem Terran - Winner!

Build Orders: Gas First Reaper Expand, Hellion Banshee 

Get SALT Encoding   

  12  0:00  SCV  
  13  0:12  SCV  
  14  0:16  Supply Depot  
  14  0:24  SCV  
  15  0:29  Refinery  
  15  0:38  SCV  
  16  0:44  Barracks  
  16  0:50  SCV  
  17  1:02  SCV  
  18  1:14  SCV  
  19  1:31  Orbital Command, Reaper  
  20  1:42  Command Center  
  20  1:52  Factory  
  20  1:57  SCV  
  21  2:05  Barracks Reactor  
  21  2:09  SCV  
  21  2:11  Supply Depot  
  22  2:17  Refinery  
  22  2:21  SCV  
  23  2:33  SCV  
  24  2:44  Starport  
  24  2:45  SCV  
  24  2:47  Hellion x2  
  29  2:53  Orbital Command  
  29  2:57  SCV  
  30  3:08  Hellion x2  
  30  3:10  Barracks Tech Lab  
  35  3:12  SCV  
  35  3:20  SCV  
  35  3:23  Supply Depot  
  35  3:24  SCV  
  37  3:32  SCV  
  37  3:35  Banshee, Cloaking Field  
  37  3:38  SCV  
  39  3:42  Hellion  
  39  3:44  Hellion  
  39  3:47  SCV  
  44  3:52  Barracks Tech Lab  
  44  3:53  SCV  
  43  4:01  Supply Depot  
  41  4:03  SCV  
  41  4:04  Hellion  
  41  4:05  SCV  
  41  4:06  Hellion  
  47  4:10  Marine  
  47  4:15  SCV  
  49  4:17  Stimpack, SCV  
  49  4:18  Banshee  
  53  4:24  Supply Depot  
  53  4:27  SCV  
  53  4:29  SCV  
  55  4:38  Command Center  
  55  4:39  SCV  
  55  4:42  Marine, SCV  
  58  4:47  Factory Reactor  
  58  4:52  SCV  
  59  4:54  SCV  
  59  4:55  Barracks  
  60  5:00  Marine  
  60  5:01  Barracks  
  60  5:04  SCV  
  60  5:06  SCV  
  63  5:09  Starport Reactor  
  63  5:10  Engineering Bay  
  63  5:11  Engineering Bay  
  63  5:14  Supply Depot  
  63  5:16  SCV  
  63  5:17  Marine  
  63  5:21  Refinery x2  
  65  5:22  SCV  
  62  5:29  SCV  
  62  5:32  Supply Depot  
  62  5:34  SCV  
  62  5:35  Marine  
  62  5:38  Terran Infantry Armor Level 1, Terran Infantry Weapons Level 1  
  62  5:41  SCV  
  64  5:44  Siege Tank  
  64  5:46  SCV  
  64  5:48  Marine x2  
  70  5:50  Orbital Command  
  70  5:51  Marine  
  70  5:52  Marine  
  70  5:53  Marine, Medivac  
  75  5:58  Medivac, SCV  
  75  5:59  SCV  
  75  6:04  Combat Shield  
  79  6:06  Marine x2  
  79  6:09  Marine  
  79  6:11  SCV x2  
  83  6:14  Barracks  
  83  6:16  Orbital Command  
  83  6:18  Barracks  
  80  6:21  Siege Tank  
  80  6:23  Marine, SCV  
  80  6:25  Marine  
  86  6:26  SCV  
  86  6:27  Marine, Supply Depot  
  86  6:30  Marine  
  86  6:31  Marine  
  90  6:35  SCV  
  90  6:37  Medivac x2  
  90  6:38  SCV  
  96  6:41  Marine  
  96  6:42  Marine  
  96  6:43  Supply Depot  
  96  6:45  Marine  
  99  6:49  SCV  
  99  6:50  SCV x2  
  99  6:51  Marine  
  100  6:54  Marine  
  100  6:57  Missile Turret  
  100  6:58  Missile Turret  
  100  6:59  Marine, Missile Turret  
  100  7:01  Siege Tank  
  105  7:05  Marine  
  105  7:08  Missile Turret  
  103  7:09  Marine  
  103  7:10  Marine, Barracks Reactor x2  
  103  7:12  Marine  
  103  7:13  Supply Depot  
  103  7:14  Medivac  
  108  7:19  Marine  
  109  7:23  Barracks  
  109  7:24  Barracks x2  
  109  7:28  Marine x2  
  109  7:29  Supply Depot  
  110  7:33  Marine x2, Medivac  
  111  7:37  Supply Depot  
  111  7:42  Supply Depot  
  111  7:44  Marine, Missile Turret, Armory  
  111  7:46  Marine  
  111  7:49  SCV x2  
  114  7:51  SCV  
  114  7:52  Marine  
  114  7:54  Marine  
  114  7:55  Marine x2  
  114  7:58  Marine  
  118  7:59  Marine  
  118  8:01  SCV  
  118  8:02  SCV, Supply Depot  
  118  8:03  SCV  
  119  8:05  Marine  
  119  8:08  Marine x2  
  119  8:12  Marine  
  122  8:13  Marine, SCV  
  122  8:14  Marine, SCV  
  122  8:17  Marine x2, Siege Tank  
  122  8:18  Marine  
  124  8:20  Medivac  
  124  8:21  Marine  
  124  8:25  Marine x2  
  126  8:27  Marine x2  
  126  8:30  Marine  
  126  8:31  Marine  
  126  8:32  Supply Depot  
  125  8:34  Terran Infantry Weapons Level 2  
  125  8:37  Marine x2  
  125  8:40  Marine  
  128  8:43  Terran Infantry Armor Level 2  
  128  8:45  Marine x4  
  132  8:50  Marine  
  132  8:51  Marine x2  
  132  8:52  Marine  
  132  8:53  Marine  
  132  8:54  Marine  
  137  8:56  Marine  
  137  8:58  Marine  
  131  9:03  Siege Tank, Medivac  
  131  9:04  Marine x4  
  131  9:08  Marine  
  131  9:09  Marine  
  140  9:10  Supply Depot  
  140  9:12  Medivac  
  140  9:13  Marine  
  140  9:14  Marine x4  
  140  9:16  Marine  
  148  9:22  Marine  
  148  9:23  Marine x3  
  152  9:26  Marine  
  152  9:27  Marine  
  152  9:31  Marine x2  
  152  9:32  Marine x3  
  152  9:34  Marine  
  158  9:40  Marine  
  158  9:41  Marine x3  
  158  9:42  Command Center  
  158  9:44  Marine  
  158  9:45  Marine  
  162  9:49  Marine x3  
  162  9:50  Marine x2, Supply Depot  
  162  9:52  Marine  
  168  9:55  Factory  
  168  9:57  Marine  
  168  9:59  Marine x3  
  163  10:01  Siege Tank  
  163  10:02  Marine  
  163  10:06  Medivac  
  169  10:09  Marine  
  169  10:11  Marine  
  171  10:15  Marine  
  171  10:16  Marine x5  
  171  10:17  Marine  
  159  10:22  Marine x2  
  159  10:25  Marine  
  159  10:27  Marine  
  155  10:28  Marine  
  155  10:33  Marine x3, Siege Tank  
  155  10:34  Marine x2  
  158  10:45  Orbital Command  
  158  10:47  Marine  
  158  10:48  Marine  
  159  10:52  Marine  
  160  10:57  Marine  
  160  10:59  Marine  
  160  11:00  Marine  
  163  11:05  Marine, Siege Tank  
  163  11:06  Marine  
  163  11:11  Marine x2  
  168  11:13  Marine  
  171  11:24  Medivac  
  170  11:31  Marine x5  
Show
View Real Time Build Order
Export as new Build Order

RagnaroK Zerg 

Build Orders: Hatch First 

Get SALT Encoding   

  12  0:00  Drone  
  13  0:12  Overlord  
  13  0:16  Drone  
  14  0:30  Drone x2  
  16  0:47  Hatchery  
  15  0:51  Drone  
  15  0:54  Drone  
  17  0:59  Drone  
  18  1:09  Extractor  
  17  1:13  Spawning Pool  
  17  1:16  Drone  
  17  1:19  Drone  
  18  1:28  Drone  
  19  1:38  Drone  
  20  1:49  Drone  
  21  2:01  Queen x2  
  21  2:02  Zergling x4  
  27  2:12  Overlord  
  27  2:13  Drone  
  28  2:21  Hatchery  
  27  2:24  Drone  
  28  2:31  Drone  
  28  2:33  Drone x2  
  30  2:40  Queen  
  32  2:45  Metabolic Boost  
  32  2:49  Overlord  
  32  2:52  Drone  
  32  2:54  Drone  
  34  2:59  Drone  
  34  3:05  Drone  
  36  3:10  Drone x4  
  40  3:13  Queen  
  40  3:15  Zergling x2  
  40  3:19  Overlord  
  43  3:26  Drone  
  44  3:30  Drone, Evolution Chamber  
  44  3:35  Drone  
  44  3:37  Drone  
  43  3:43  Drone  
  43  3:45  Zergling x2  
  43  3:48  Zergling x6  
  47  3:49  Drone x2  
  48  3:58  Drone  
  48  3:59  Drone  
  48  4:01  Drone  
  51  4:02  Queen  
  51  4:06  Overlord  
  53  4:11  Drone  
  53  4:12  Drone  
  53  4:13  Queen  
  53  4:16  Drone  
  58  4:18  Lair  
  58  4:20  Extractor, Drone  
  58  4:25  Drone  
  58  4:26  Spore Crawler  
  58  4:29  Drone, Spore Crawler  
  58  4:30  Drone  
  59  4:33  Spore Crawler  
  59  4:34  Drone  
  59  4:35  Drone  
  60  4:38  Drone x2  
  60  4:40  Drone  
  60  4:45  Extractor, Drone x2  
  64  4:46  Drone  
  64  4:48  Extractor  
  64  4:49  Zergling x2  
  64  4:51  Drone  
  66  4:53  Overlord  
  66  4:54  Overlord  
  66  4:58  Overlord  
  66  5:01  Overlord  
  66  5:02  Drone  
  66  5:07  Overlord  
  66  5:09  Overlord, Drone  
  66  5:12  Drone  
  68  5:14  Drone x2  
  68  5:18  Drone x2  
  68  5:20  Overseer  
  71  5:21  Drone  
  71  5:22  Drone  
  71  5:25  Drone x2  
  71  5:28  Drone x2  
  75  5:34  Spire  
  74  5:35  Drone  
  74  5:40  Drone  
  74  5:41  Drone, Baneling Nest  
  74  5:42  Drone  
  77  5:44  Drone  
  77  5:47  Drone x3  
  77  5:49  Drone  
  82  5:52  Drone x2  
  82  5:53  Extractor  
  82  5:54  Drone  
  82  5:55  Extractor  
  81  6:00  Drone  
  81  6:02  Drone  
  83  6:07  Zergling x4  
  85  6:13  Zergling x10  
  85  6:16  Hatchery  
  87  6:21  Overlord  
  87  6:25  Centrifugal Hooks  
  87  6:33  Drone x3  
  87  6:45  Overlord  
  87  6:46  Mutalisk x9  
  104  6:50  Zergling x6  
  107  6:58  Drone x2  
  108  7:02  Drone x5, Hatchery  
  108  7:08  Evolution Chamber  
  105  7:09  Evolution Chamber  
  105  7:13  Overlord  
  104  7:16  Mutalisk x3  
  104  7:22  Zergling x10  
  115  7:25  Zerg Flyer Weapons Level 1  
  115  7:30  Overlord  
  115  7:31  Mutalisk x2  
  115  7:37  Drone x5  
  120  7:40  Zerg Melee Weapons Level 1  
  120  7:43  Zerg Ground Armor Level 1  
  125  7:44  Drone  
  125  7:48  Drone x3  
  125  7:49  Baneling x3  
  128  7:52  Zergling x4  
  128  7:53  Zergling x2  
  128  7:55  Zergling x4  
  129  7:58  Baneling  
  129  7:59  Baneling x7  
  129  8:01  Zergling x6  
  129  8:04  Overlord  
  132  8:06  Zergling x4  
  132  8:07  Zergling x2  
  132  8:09  Drone x2  
  137  8:13  Mutalisk  
  137  8:17  Mutalisk x2  
  137  8:21  Mutalisk  
  137  8:25  Drone  
  137  8:26  Drone x3  
  141  8:28  Drone x2  
  141  8:29  Drone x2  
  141  8:30  Drone  
  144  8:35  Mutalisk  
  144  8:38  Hatchery  
  144  8:40  Mutalisk x2  
  149  8:46  Overlord  
  149  8:47  Overlord x2  
  149  8:50  Zergling x6  
  149  8:52  Overlord  
  149  8:54  Overlord  
  152  8:57  Drone x3  
  152  9:02  Zergling x8  
  140  9:04  Zergling x2  
  140  9:05  Mutalisk  
  140  9:07  Mutalisk x3  
  140  9:08  Zergling x2  
  140  9:09  Zergling x4  
  147  9:14  Zergling x10  
  147  9:16  Baneling x6  
  152  9:17  Zergling x2  
  152  9:23  Zergling x6  
  154  9:32  Zergling x6  
  154  9:34  Hatchery  
  154  9:35  Baneling  
  154  9:36  Baneling x4  
  154  9:37  Zergling x2  
  154  9:38  Zergling x2  
  154  9:41  Baneling x3  
  154  9:43  Overlord  
  154  9:45  Zergling x2  
  155  9:46  Baneling x4  
  155  9:51  Zergling x8  
  158  9:58  Drone  
  158  10:01  Hatchery  
  158  10:02  Zergling x8  
  162  10:07  Zergling x10  
  162  10:15  Zergling x18  
  160  10:22  Zergling x10  
  160  10:24  Baneling  
  160  10:25  Baneling x3  
  160  10:27  Overlord  
  161  10:32  Overlord x2  
  161  10:34  Overlord  
  155  10:37  Overlord  
  154  10:47  Zergling x14  
  161  10:51  Zergling x6  
  161  10:56  Mutalisk  
  162  10:59  Mutalisk x2  
  162  11:03  Mutalisk x3  
  171  11:07  Zergling x2  
  171  11:08  Zergling x2  
  171  11:11  Zergling x2  
  164  11:18  Zergling x6  
  162  11:22  Zergling x8  
  164  11:27  Overlord  
  153  11:35  Zergling x14  
  148  11:40  Zergling x2  
  148  11:45  Zergling x2  

Tags
 
Add a new tag
Caveats
  • Supply blocks, unpowered buildings, or Contaminate may cause inaccurate times.
  • Supply counts are checked every 10 seconds.